 Dungeon Crawl Stone Soup version 0.27-a0-1154-gfdeffcb720 (webtiles) character file.

Game seed: 13105342637774246940

8241 chippings the Thaumaturge (level 11, -1/77 HPs)
             Began as a Mummy Necromancer on May 14, 2021.
             Was an Initiate of Gozag.
             Slain by a small abomination (6 damage)
             ... on level 1 of the Abyss.
             The game lasted 00:32:12 (13752 turns).

chippings the Thaumaturge (Mummy Necromancer)      Turns: 13752, Time: 00:32:12

Health: -1/77      AC: 18    Str: 12    XL:     11   Next: 7%
Magic:  25/25      EV: 24    Int: 23    God:    Gozag
Gold:   1120       SH:  0    Dex: 13    Spells: 16/30 levels left

rFire    x . .     SeeInvis .   r - +3 flail (venom)
rCold    + . .     Faith    .   (no shield)
rNeg     + + +     Spirit   .   e - +6 scale mail
rPois    ∞         Reflect  .   n - +0 helmet
rElec    .         Harm     .   f - +2 cloak
rCorr    .         Rampage  .   h - +0 pair of gloves
Will     +....                  (no boots)
Stlth    ..........             k - amulet of the acrobat
HPRegen  0.22/turn              l - ring of wizardry
MPRegen  0.19/turn              A - +6 ring of intelligence

@: acrobatic
A: cold resistance 1, negative energy resistance 3, torment resistance 2, heat
vulnerability 1, no potions
a: Renounce Religion, Potion Petition, Call Merchant, Bribe Branch


You were on level 1 of the Abyss.
You worshipped Gozag.
Gozag was most pleased with you.
You visited 2 branches of the dungeon, and saw 11 of its levels.
You visited the Abyss 1 time.

You collected 1276 gold pieces.
You paid 156 gold pieces to Gozag.

Inventory:

Hand Weapons
 a - a +2 dagger of venom
 o - a +1 whip of flaming
 r - a +3 flail of venom (weapon)
 D - a +2 morningstar of holy wrath
Missiles
 t - 2 throwing nets
 w - 37 poisoned darts (quivered)
 x - 4 curare-tipped darts
Armour
 e - a +6 scale mail (worn)
 f - a +2 cloak (worn)
 h - a +0 pair of gloves (worn)
 n - a +0 helmet (worn)
Magical Staves
 c - a staff of conjuration
 E - a staff of death
Jewellery
 j - a ring of see invisible
 k - an amulet of the acrobat (around neck)
 l - a ring of wizardry (left hand)
 q - a ring of protection from cold
 v - a ring of resist corrosion
 y - an amulet of reflection
 A - a +6 ring of intelligence (right hand)
Wands
 m - a wand of flame (64)
 s - a wand of paralysis (12)
 z - a wand of acid (10)
 G - a wand of polymorph (8)
Scrolls
 b - a scroll of identify
 g - a scroll of amnesia
 i - a scroll of enchant armour
 p - 2 scrolls of enchant weapon
 u - a scroll of noise
 F - a scroll of immolation


   Skills:
 - Level 4.0 Fighting
 - Level 8.0 Maces & Flails
 - Level 4.0 Armour
 - Level 1.5 Dodging
 - Level 1.5 Stealth
 - Level 10.0 Spellcasting
 + Level 9.5 Necromancy
 - Level 4.0 Evocations


You had 16 spell levels left.
You knew the following spells:

 Your Spells              Type           Power      Damage    Failure   Level
a - Pain                  Necr           100%       1d9       1%          1
b - Animate Skeleton      Necr           100%       N/A       1%          1
c - Vampiric Draining     Necr           26%        2d9       1%          3
d - Animate Dead          Necr           26%        N/A       2%          4
e - Agony                 Necr           53%        N/A       6%          5

Your spell library contained the following spells:

 Spells                   Type           Power      Damage    Failure   Level
 Corona                   Hex            12%        N/A       11%         1
 Ensorcelled Hibernation  Hex/Ice        22%        N/A       16%         2
 Confusing Touch          Hex            11%        N/A       30%         3
 Dazzling Flash           Conj/Hex       22%        N/A       30%         3
 Tukima's Dance           Hex            11%        N/A       30%         3
 Cause Fear               Hex            5%         N/A       67%         4
 Silence                  Hex/Air        5%         N/A       94%         5
 Yara's Violent Unravell  Hex/Tmut       5%         3d4       94%         5
 Discord                  Hex            5%         N/A       100%        8
 Beastly Appendage        Tmut           Unusable   N/A       N/A         1
 Wereblood                Tmut           Unusable   N/A       N/A         2
 Spider Form              Tmut/Pois      Unusable   N/A       N/A         3
 Ice Form                 Ice/Tmut       Unusable   N/A       N/A         4
 Hydra Form               Tmut           Unusable   N/A       N/A         5

Dungeon Overview and Level Annotations

Branches:
Dungeon (10/15)            Temple (1/1) D:7
   Lair: D:8-11         Orc: D:9-12

Altars:
Cheibriados
Dithmenos
Elyvilon
Fedhas
Gozag
Hepliaklqana
Kikubaaqudgha
Makhleb
Nemelex Xobeh
Okawaru
Qazlal
Ru
Sif Muna
Trog
Uskayaw
Vehumet
Wu Jian
Xom
Yredelemnul
Zin
The Shining One

Shops:
D:8 (   D:10 !

Annotations:
D:10 Sonja


Innate Abilities, Weirdness & Mutations

You are immune to poison.
Your flesh is cold resistant. (rC+)
You are immune to negative energy. (rN+++)
You are immune to unholy pain and torment.
You are vulnerable to heat. (rF-)
You do not drink.


Message History

You sock the white imp!
The white imp is severely wounded.
The white imp hits you but does no damage.
You hit the white imp.
You kill the white imp!
You now have 1120 gold pieces (gained 6).
The small abomination becomes distracted by your gold, dreaming of imaginary riches.
The small abomination is no longer distracted by gold.
A smoke demon comes into view.
The small abomination hits you.
The smoke demon roars!
The small abomination completely misses you.
You hit the small abomination.
The small abomination is moderately damaged.
A small abomination comes into view.
The smoke demon gestures at you. Something smites you!
You hit the small abomination.
The small abomination is moderately damaged.
The small abomination hits you. The small abomination hits you!
* * * LOW HITPOINT WARNING * * *
The smoke demon gestures at you.
The ball of steam hits you but does no damage.
Okay, then.
You are engulfed in a cloud of scalding steam.
* * * LOW HITPOINT WARNING * * *
The small abomination closely misses you.
The small abomination is engulfed in a cloud of scalding steam.
The small abomination is engulfed in a cloud of scalding steam. x2
The small abomination closely misses you.
The small abomination is engulfed in a cloud of scalding steam.
The small abomination closely misses you.
The small abomination barely misses you.
The smoke demon gestures at you. Something smites you!
* * * LOW HITPOINT WARNING * * *
Found a leather armour.
The small abomination hits you.
You die...
Your body crumbles into a pile of gold.

#.# ##.## ##.##
...###...###...##
... #.....#.....#
..................
....#.....#.....#.
..###...###...#
#.# ##x## #.# ..
##x..## ..#
#@....# .#
................ .
#.....#.....#...
##...###...###...
##.# ##.## #.# #[.
... .. #.. ... ..
....


You could see 2 small abominations.

Vanquished Creatures
  A boulder beetle (D:7)
  A two-headed ogre (D:9)
  Erica (D:8)
  A death yak (D:9)
  A large abomination (Abyss:1)
  Maggie (D:7)
  A troll (D:10)
  A shadow (D:9)
  A wraith (D:10)
  4 yaks (D:9)
  2 acid dragons (D:9)
  2 necrophages
  4 orc warriors
  2 ice beasts
  A black bear (D:5)
  3 ogres
  3 centaurs
  A kobold brigand (D:8)
  5 bullfrogs
  2 wyvern zombies
  A water moccasin zombie (D:6)
  A wyvern skeleton (D:6)
  4 killer bees (D:9)
  A howler monkey (D:8)
  A quasit (Abyss:1)
  2 centaur zombies
  2 bullfrog zombies (D:6)
  A jelly (D:5)
  3 gnoll shamans
  A bullfrog skeleton (D:5)
  3 hounds (D:6)
  4 orc priests
  4 iguanas
  Terence (D:2)
  9 orc wizards
  A killer bee zombie (D:6)
  A hound skeleton (D:5)
  11 gnolls
  5 adders
  2 white imps
  3 ufetubi
  3 dart slugs
  19 orcs
  5 endoplasms
  2 giant cockroaches
  4 goblins
  4 hobgoblins
  15 jackals
  7 kobolds
  3 quokkas
  4 ball pythons
  2 bats
  2 frilled lizards (D:1)
  9 rats
178 creatures vanquished.

Vanquished Creatures (collateral kills)
  A worldbinder (Abyss:1)
  A small abomination (Abyss:1)
2 creatures vanquished.

Vanquished Creatures (others)
  A lurking horror (Abyss:1)
  4 starspawn tentacles (Abyss:1)
5 creatures vanquished.

Grand Total: 185 creatures vanquished

Notes
Turn   | Place    | Note
-------+----------+-------------------------------------------
     0 | D:1      | chippings the Mummy Necromancer began the quest for the
                  | Orb.
     0 | D:1      | Reached XP level 1. HP: 13/13 MP: 4/4
   187 | D:1      | Reached skill level 3 in Spellcasting
   267 | D:1      | Reached XP level 2. HP: 19/20 MP: 4/6
   400 | D:1      | Reached skill level 1 in Fighting
  1526 | D:2      | Reached XP level 3. HP: 26/26 MP: 7/7
  1676 | D:2      | Noticed Terence
  1682 | D:2      | Killed Terence
  1683 | D:2      | Reached XP level 4. HP: 22/33 MP: 4/9
  1914 | D:2      | Reached skill level 4 in Spellcasting
  2703 | D:3      | Reached XP level 5. HP: 27/39 MP: 11/11
  3355 | D:3      | Reached skill level 5 in Necromancy
  3555 | D:4      | Learned a level 1 spell: Animate Skeleton
  3559 | D:4      | Learned a level 3 spell: Vampiric Draining
  3564 | D:4      | Learned a level 4 spell: Animate Dead
  3735 | D:4      | Noticed a necrophage
  3895 | D:4      | Killed a necrophage
  3896 | D:4      | Reached skill level 5 in Spellcasting
  3896 | D:4      | Reached XP level 6. HP: 45/47 MP: 13/13
  4636 | D:5      | Entered Level 5 of the Dungeon
  5194 | D:5      | Reached XP level 7. HP: 54/54 MP: 15/15
  5228 | D:5      | Learned a level 5 spell: Agony
  5658 | D:5      | Reached skill level 1 in Maces & Flails
  6008 | D:6      | Reached skill level 1 in Armour
  6068 | D:6      | Reached skill level 6 in Spellcasting
  6392 | D:6      | Reached XP level 8. HP: 12/60 MP: 17/17
  7452 | D:6      | Reached skill level 7 in Spellcasting
  8046 | D:7      | Noticed a boulder beetle
  8068 | D:7      | Killed a boulder beetle
  8069 | D:7      | Reached XP level 9. HP: 20/65 MP: 18/20
  8315 | D:6      | Reached skill level 8 in Spellcasting
  8407 | D:7      | Reached skill level 5 in Maces & Flails
  8704 | D:7      | Noticed a gargoyle
  8922 | D:7      | Found a staircase to the Ecumenical Temple.
  8923 | D:7      | Noticed Maggie
  8952 | D:7      | Killed Maggie
  8958 | Temple   | Entered the Ecumenical Temple
  9448 | Temple   | Became a worshipper of Gozag Ym Sagoz the Greedy
  9690 | D:7      | Noticed a gargoyle
  9812 | D:8      | Noticed Erica
 10293 | D:8      | Reached skill level 1 in Evocations
 10370 | D:8      | Killed Erica
 10371 | D:8      | Reached XP level 10. HP: 34/71 MP: 4/22
 10581 | D:8      | Found Iwkeq's Antique Weapon Boutique.
 10966 | D:8      | Reached skill level 9 in Spellcasting
 11566 | D:9      | Noticed a two-headed ogre
 11596 | D:9      | Killed a two-headed ogre
 12723 | D:10     | Entered Level 10 of the Dungeon
 12807 | D:10     | Noticed a death yak
 12824 | D:10     | Noticed a death yak
 12825 | D:10     | Noticed a death yak
 12863 | D:9      | Killed a death yak
 12864 | D:9      | Reached skill level 10 in Spellcasting
 13256 | D:10     | Found Ebuaziul's Distillery.
 13256 | D:10     | Noticed Sonja
 13270 | D:10     | Cast into level 1 of the Abyss (Sonja)
 13392 | Abyss:1  | Noticed a red very ugly thing
 13392 | Abyss:1  | Noticed a red very ugly thing
 13392 | Abyss:1  | Noticed a red very ugly thing
 13392 | Abyss:1  | Noticed a red ugly thing
 13392 | Abyss:1  | Noticed a red ugly thing
 13393 | Abyss:1  | Noticed a red ugly thing
 13408 | Abyss:1  | Found a corrupted altar of Lugonu.
 13445 | Abyss:1  | Noticed a large abomination
 13455 | Abyss:1  | Killed a large abomination
 13456 | Abyss:1  | Reached XP level 11. HP: 12/77 MP: 25/25
 13500 | Abyss:1  | Noticed a tentacled starspawn
 13623 | Abyss:1  | Noticed a bog body
 13628 | Abyss:1  | Noticed a bog body
 13670 | Abyss:1  | Noticed a great orb of eyes
 13752 | Abyss:1  | Slain by a small abomination

Illustrated notes

Levels and vault maps discovered:
D:1:      wheals_arrival_linesprint, layout_basic, minmay_cut_off
D:2:      layout_basic, guppyfry_early_lair_pool, uniq_terence
D:3:      layout_loops_cross
D:4:      layout_cave_pods, lemuel_flame_loot_1
D:5:      layout_loops_corners, serial_park_tiny_1
D:6:      layout_cave_pools
D:7:      cheibrodos_statue_roulette, layout_basic,
          minmay_temple_entry_sparse_star, uniq_maggie
D:8:      layout_gridville, serial_shops, shop_coins, blue_anna_alchemist,
          uniq_erica
D:9:      layout_roguey
D:10:     layout_roguey, nicolae_overflow_hidden_temple, dpeg_lair_monsters,
          serial_shops, nicolae_shop_statue_plus, skrybe_limestone_x, uniq_sonja
Temple:   minmay_crystal_snake_temple
Abyss:1:  base:
D:8

Skill      XL: |  1  2  3  4  5  6  7  8  9 10 |
---------------+-------------------------------+-----
Spellcasting   | 3 4 5 6 7 8 10 | 10.0
Fighting       | 1 2 3 4 |  4.0
Necromancy     | 5 6 7 8 9 |  9.5
Maces & Flails | 2 4 6 8 |  8.0
Armour         | 2 4 |  4.0
Evocations     | 2 4 |  4.0
Dodging        | |  1.5
Stealth        | |  1.5

Action                   |  1- 3 |  4- 6 |  7- 9 | 10-12 || total
-------------------------+-------+-------+-------+-------++-------
Melee: Unarmed           |     7 |       |       |       ||     7
       Dagger            |    56 |    87 |   189 |       ||   332
       Rapier            |       |   125 |       |       ||   125
       Whip              |       |    32 |   190 |       ||   222
       Flail             |       |       |    37 |   192 ||   229
Throw: Dart              |       |       |       |     5 ||     5
 Cast: Pain              |    34 |     9 |     9 |       ||    52
       Vampiric Draining |       |       |     7 |    15 ||    22
Evoke: Wand              |       |       |     8 |     2 ||    10
  Use: Scroll            |       |     7 |     4 |     8 ||    19
 Stab: Sleeping          |     5 |       |       |       ||     5
       Paralysed         |       |       |     9 |       ||     9
       Distracted        |       |       |       |     1 ||     1
Armor: Robe              |    15 |       |       |       ||    15
       Scale mail        |       |   184 |   286 |   138 ||   608
Dodge: Dodged            |    37 |   160 |   222 |   140 ||   559

Table legend: (Time is in decaauts)
 A = Elapsed time spent in this place.
 B = Non-inter-level travel time spent in this place.
 C = Inter-level travel time spent in this place.
 D = Time resting spent in this place.
 E = Time spent auto-exploring this place.
 F = Levels seen in this place.
 G = Mean time per level.
                   A        B        C        D        E       F      G
               +--------+--------+--------+--------+--------+-----+--------+
         Total |  13799 |  13444 |    355 |   2132 |   7448 |  12 | 1149.9 |
       Dungeon |  12802 |  12499 |    303 |   1803 |   7448 |  10 | 1280.2 |
        Temple |    513 |    461 |     52 |    270 |      0 |   1 |  513.0 |
         Abyss |    483 |    483 |      0 |     59 |      0 |   1 |  483.0 |
               +--------+--------+--------+--------+--------+-----+--------+

Top non-repeatable levels by time:
     D:6: 1699 daAuts
     D:5: 1638 daAuts
     D:7: 1506 daAuts
     D:9: 1482 daAuts
     D:1: 1457 daAuts
     D:8: 1426 daAuts
     D:4: 1153 daAuts
     D:2: 1132 daAuts
     D:3: 991 daAuts
  Temple: 513 daAuts
 Abyss:1: 483 daAuts
    D:10: 313 daAuts
